 Dungeon Crawl Stone Soup version 0.28.0-49-g6dfe1f597d (webtiles) character file.

Game seed: 7955397432631740912

193 NinjaNoafa the Firebug (level 5, -1/45 HPs)
             Began as an Ogre Fire Elementalist on May 12, 2022.
             Slain by a necrophage (4 damage)
             ... on level 4 of the Dungeon.
             The game lasted 00:06:08 (3743 turns).

NinjaNoafa the Firebug (Ogre Fire Elementalist)     Turns: 3743, Time: 00:06:09

Health: -1/45      AC:  3    Str: 18    XL:     5   Next: 72%
Magic:  1/10       EV:  9    Int: 18    God:
Gold:   173        SH:  0    Dex:  9    Spells: 8/11 levels left

rFire   . . .      SeeInvis .   l - +0 hand axe
rCold   . . .      Faith    .   (no shield)
rNeg    . . .      Spirit   .   a - +0 robe
rPois   .          Reflect  .   (helmet restricted)
rElec   .          Harm     .   (no cloak)
rCorr   .          Rampage  .   (gloves unavailable)
Will    .....                   (boots unavailable)
Stlth   +.........              (no amulet)
HPRegen 0.15/turn               g - +6 ring of strength
MPRegen 0.12/turn               (no ring)

@: confused
A: large, unfitting armour, tough skin 1
a: no special abilities


You were on level 4 of the Dungeon.
You visited 1 branch of the dungeon, and saw 4 of its levels.

You collected 173 gold pieces.

Inventory:

Hand Weapons
 l - a +0 hand axe (weapon)
Missiles
 c - 77 stones
 j - 5 poisoned darts
Armour
 a - a +0 robe (worn)
Jewellery
 g - a +6 ring of strength (left hand)
Wands
 b - a wand of iceblast (4)
Scrolls
 d - 3 scrolls of identify {unknown}
 f - a scroll of fog
 k - a scroll of fear {unknown}
Potions
 h - a potion of might
 i - a potion of ambrosia {unknown}


   Skills:
 - Level 1.7 Dodging
 - Level 1.4 Stealth
 + Level 3.6 Spellcasting
 - Level 3.0 Conjurations
 * Level 4.1 Fire Magic


You had 8 spell levels left.
You knew the following spells:

 Your Spells              Type           Power      Damage    Failure   Level
a - Foxfire               Conj/Fire      64%        2x1d7     3%          1
b - Scorch                Fire           36%        2d6       4%          2

Your spell library contained the following spells:

 Spells                   Type           Power      Damage    Failure   Level
 Conjure Flame            Conj/Fire      16%        6-21      11%         3
 Inner Flame              Hex/Fire       10%        N/A       19%         3
 Flame Wave               Conj/Fire      16%        2d6       34%         4
 Hailstorm                Conj/Ice       8%         3d4       63%         4
 Ice Form                 Ice/Tmut       3%         N/A       83%         4
 Simulacrum               Ice/Necr       1%         N/A       100%        6


Dungeon Overview and Level Annotations

Branches:
Dungeon (4/15)
 Temple: D:4-7

Altars:

Shops:
D:1 [


Innate Abilities, Weirdness & Mutations

You are too large for most types of armour.
You have tough skin. (AC +1)


Message History

You resist with some effort. The orc wizard barely misses you.
You closely miss the orc wizard.
The orc wizard is severely wounded.
The orc wizard hits you with a +0 broad axe!
You closely miss the orc wizard.
The orc wizard is severely wounded.
The orc wizard mumbles some strange words.
The orc wizard flickers and vanishes!
Deactivating autopickup; reactivate with Ctrl-A.
You barely miss something. Something hits you.
You barely miss something. Your punch misses something. Something hits you!
Okay, then.
Okay, then.
Okay, then.
You closely miss something. Something hits you.
A necrophage comes into view.
Found a dagger.
Something hits you.
Things that are here:
a +0 hand axe; an orc corpse
l - a +0 hand axe Something hits you.
l - a +0 hand axe (weapon)
You miss something. Something hits you but does no damage. Something hits you!
* * * LOW HITPOINT WARNING * * *
Your magical contamination has completely faded away.
An orc comes into view. It is wielding a +0 dagger.
The orc shouts!
You hear some strange, mumbled words.
You are confused.
You feel better. Something hits you!
* * * LOW HITPOINT WARNING * * *
Okay, then.
You hear some strange, mumbled words.
You are confused.
You are too confused!
A magic dart appears from out of thin air!
The magic dart hits you.
* * * LOW HITPOINT WARNING * * *
You're too confused to move!
The necrophage hits you.
You die...

. ..+....... ..
.##......
♣.♣###.#.....#
♣♣.P....#.....#
♣♣P. ....#.....#
..P≈≈##'##(....#
♣..≈≈.)†.......#
.......{.n†....#
....b....@.....#
)....$.........+
...............###
###########+#....#
#....# #....#
#....#####..
####........
+..#........


You could see a necrophage.

Vanquished Creatures
  An orc priest (D:4)
  Ijyb (D:3)
  4 adders
  A shadow imp (D:4)
  A dart slug (D:1)
  11 orcs
  7 ball pythons
  4 endoplasms
  5 giant cockroaches
  7 goblins
  9 hobgoblins
  4 quokkas
  4 bats
  6 frilled lizards
  7 kobolds
  4 rats
76 creatures vanquished.

Vanquished Creatures (others)
  235 foxfires
235 creatures vanquished.

Grand Total: 311 creatures vanquished

Notes
Turn   | Place    | Note
-------+----------+-------------------------------------------
     0 | D:1      | NinjaNoafa the Ogre Fire Elementalist began the quest for
                  | the Orb.
     0 | D:1      | Reached XP level 1. HP: 16/16 MP: 3/3
   102 | D:1      | Reached skill level 1 in Conjurations
   220 | D:1      | Reached XP level 2. HP: 24/24 MP: 0/5
   350 | D:1      | Reached skill level 3 in Fire Magic
   514 | D:1      | Found a faded altar of an unknown god.
   610 | D:1      | Found Satoi's Armour Shoppe.
   657 | D:1      | Reached XP level 3. HP: 31/31 MP: 0/7
  1590 | D:2      | Reached XP level 4. HP: 39/39 MP: 3/8
  2587 | D:3      | Noticed Ijyb
  2602 | D:3      | Killed Ijyb
  2603 | D:3      | Reached XP level 5. HP: 13/45 MP: 0/9
  3455 | D:4      | Reached skill level 4 in Fire Magic
  3715 | D:4      | Learned a level 2 spell: Scorch
  3735 | D:4      | Noticed a necrophage
  3743 | D:4      | Slain by a necrophage

Illustrated notes

Levels and vault maps discovered:
D:1:      dpeg_arrival_long_road, layout_loops_ring, serial_shops,
          nicolae_shop_window_shopping, dreamdust_ecumenical_altar_statues
D:2:      layout_loops_ring
D:3:      layout_basic, mrwooster_statue_mirror, uniq_ijyb
D:4:      layout_gridville, nicolae_elyvilon_peaceful_grove, fedhas_altar_1,
          uniq_natasha

Skill      XL: |  1  2  3  4  5 |
---------------+----------------+-----
Conjurations   | 1 2 3 |  3.0
Fire Magic     | 3 4 |  4.1
Spellcasting   | 3 |  3.6
Dodging        | |  1.7
Stealth        | |  1.4

Action                   |  1- 3 |  4- 6 || total
-------------------------+-------+-------++-------
Melee: Unarmed           |       |    24 ||    24
       Hand axe          |       |     1 ||     1
       Punch             |       |     1 ||     1
 Cast: Foxfire           |    78 |    88 ||   166
  Use: Potion            |       |     3 ||     3
       Scroll            |       |     2 ||     2
Armor: Robe              |     5 |    16 ||    21
Dodge: Dodged            |     6 |    28 ||    34
